 Dungeon Crawl Stone Soup version 0.29-a0-303-ge4682ce883 (webtiles) character file.

Game seed: 5989858587125727163

74 Aksej the Ducker (level 4, 0/34 HPs)
             Began as a Demonspawn Gladiator on Mar 25, 2022.
             Succumbed to a goblin's poison
             ... on level 2 of the Dungeon.
             The game lasted 00:02:40 (1241 turns).

Aksej the Ducker (Demonspawn Gladiator)             Turns: 1241, Time: 00:02:40

Health: 0/34       AC:  4    Str: 14    XL:     4   Next: 10%
Magic:  4/4        EV: 13    Int:  9    God:
Gold:   6          SH:  0    Dex: 17    Spells: 3/3 levels left

rFire   + . .      SeeInvis .   a - +0 flail
rCold   . . .      Faith    .   (no shield)
rNeg    . . .      Spirit   .   b - +0 leather armour
rPois   .          Reflect  .   (helmet restricted)
rElec   .          Harm     .   (no cloak)
rCorr   .          Rampage  .   f - +0 pair of gloves
Will    .....                   (no boots)
Stlth   +.........              (no amulet)
HPRegen 0.11/turn               i - ring of protection from fire
MPRegen 0.09/turn               (no ring)

@: lethally poisoned (0 -> -8)
A: horns 1, ignite blood 1, spiny 1
a: no special abilities


You were on level 2 of the Dungeon.
You visited 1 branch of the dungeon, and saw 2 of its levels.

You collected 28 gold pieces.
You spent 22 gold pieces at shops.

Inventory:

Hand Weapons
 a - a +0 flail (weapon)
Missiles
 d - 3 throwing nets (quivered)
 e - a javelin
Armour
 b - a +0 leather armour (worn)
 f - a +0 pair of gloves (worn)
Jewellery
 i - a ring of protection from fire (left hand)
Scrolls
 c - a scroll of identify
 j - a scroll of fear {unknown}
 l - a scroll of blinking {unknown}


   Skills:
 * Level 2.4 Fighting
 + Level 3.2 Maces & Flails
 + Level 2.0 Throwing
 + Level 1.4 Armour
 + Level 3.2 Dodging
 + Level 0.1 Stealth


You had 3 spell levels left.
You didn't know any spells.
Your spell library was empty.

Dungeon Overview and Level Annotations

Branches:
Dungeon (2/15)

Altars:

Shops:
D:2 (?((


Innate Abilities, Weirdness & Mutations

You have a pair of small horns on your head.
Your demonic aura sometimes causes spilled blood to erupt in flames.
You are partially covered in sharp spines.


Message History

The gnoll is moderately wounded.
The goblin barely misses you. The gnoll hits you with a +0 halberd.
You hit the gnoll.
The gnoll is heavily wounded.
The goblin hits you but does no damage.
You are poisoned.
The gnoll is struck by your spines. The gnoll misses you.
The goblin hits you but does no damage.
You are lethally poisoned!
The gnoll is struck by your spines.
You kill the gnoll!
The gnoll is struck by your spines. The gnoll misses you.
You have reached level 4!
You feel agile.
Your demonic ancestry asserts itself...
Your blood heats up.
You sock the gnoll!
The gnoll is heavily wounded.
You feel very sick. The goblin is struck by your spines.
You kill the goblin!
The gnoll is struck by your spines. The gnoll hits you with a +0 club.
You completely miss the gnoll.
The gnoll is severely wounded.
* * * LOW HITPOINT WARNING * * *
You feel very sick. The gnoll barely misses you.
You hit the gnoll but do no damage. Your headbutt misses the gnoll.
The gnoll is severely wounded.
* * * LOW HITPOINT WARNING * * *
You feel very sick. The gnoll is struck by your spines.
The gnoll closely misses you.
Okay, then.
You aren't carrying any potions.
You barely miss the gnoll. Your headbutt misses the gnoll.
The gnoll is severely wounded.
* * * LOW HITPOINT WARNING * * *
You feel sick. The gnoll barely misses you.
You hit the gnoll.
The gnoll is almost dead.
You die...

#.......## #... ....... #|
#.......<###..# #...... . #.
#.........##..#####...##.
∩♣#.####.........##..##.....#
.. .................##..#...##.
.# ♣......J..∩.........)...###
.>...............#........#
.....†........>)...∩..###.#
......g........)@....## ...
...............g........# ....
......<....∩........###........
...>.............#...# .. .###
........#........#...# # .#
.......$##......#....#
##.###...###..#...#..# #. ###.#
#....###..# # .. .....


You could see a gnoll.

Vanquished Creatures
  3 gnolls
  2 adders (D:2)
  A dart slug (D:2)
  An endoplasm (D:1)
  5 goblins
  2 hobgoblins (D:1)
  4 ball pythons (D:1)
  4 bats
  2 frilled lizards
  3 kobolds (D:1)
  2 rats (D:1)
29 creatures vanquished.

Vanquished Creatures (others)
  4 plants (D:1)
  6 withered plants (D:1)
10 creatures vanquished.

Grand Total: 39 creatures vanquished

Notes
Turn   | Place    | Note
-------+----------+-------------------------------------------
     0 | D:1      | Aksej the Demonspawn Gladiator began the quest for the Orb.
     0 | D:1      | Reached XP level 1. HP: 16/16 MP: 1/1
   428 | D:1      | Gained mutation: You have a pair of small horns on your
                  | head. [demonic ancestry]
   428 | D:1      | Reached XP level 2. HP: 22/22 MP: 2/2
   660 | D:1      | Found a faded altar of an unknown god.
   845 | D:2      | Gained mutation: You are partially covered in sharp spines.
                  | [demonic ancestry]
   845 | D:2      | Reached XP level 3. HP: 24/27 MP: 3/3
   914 | D:2      | Found Colaep's Weapon Shop.
   914 | D:2      | Found Biqiepp's Magic Scroll Boutique.
   914 | D:2      | Found Miunn's Antique Weapon Boutique.
   958 | D:2      | Bought a scroll of identify for 22 gold pieces
  1202 | D:2      | Found Datu's Weapon Shoppe.
  1217 | D:2      | Reached skill level 1 in Armour
  1237 | D:2      | Gained mutation: Your demonic aura sometimes causes spilled
                  | blood to erupt in flames. [demonic ancestry]
  1237 | D:2      | Reached XP level 4. HP: 19/34 MP: 4/4
  1240 | D:2      | HP: 1/34 [poisoned by a goblin]
  1241 | D:2      | Succumbed to a goblin's poison

Illustrated notes

Levels and vault maps discovered:
D:1:      moated_graveyard_arrival, layout_rooms,
          shapermc_ecumenical_altar_flowoftime
D:2:      layout_rooms, basic_altar, serial_shops, shop, shop,
          nicolae_shop_trees, shop, shop

Skill      XL: |  1  2  3 |
---------------+----------+-----
Dodging        | 3 |  3.2
Maces & Flails | 3 |  3.2
Throwing       | 2 |  2.0
Armour         | 1 |  1.4
Fighting       | |  2.4
Stealth        | |  0.1

Action                   |  1- 3 |  4- 6 || total
-------------------------+-------+-------++-------
Melee: Flail             |    83 |     5 ||    88
       Headbutt          |    10 |       ||    10
  Use: Scroll            |     3 |       ||     3
       Potion            |     1 |       ||     1
 Stab: Sleeping          |     1 |       ||     1
Armor: Leather armour    |    31 |       ||    31
Dodge: Dodged            |    62 |     3 ||    65

Table legend: (Time is in decaauts)
 A = Elapsed time spent in this place.
 B = Non-inter-level travel time spent in this place.
 C = Inter-level travel time spent in this place.
 D = Time resting spent in this place.
 E = Time spent auto-exploring this place.
 F = Levels seen in this place.
 G = Mean time per level.
                   A        B        C        D        E       F      G
               +--------+--------+--------+--------+--------+-----+--------+
         Total |   1264 |   1179 |     85 |      0 |    927 |   2 |  632.0 |
       Dungeon |   1264 |   1179 |     85 |      0 |    927 |   2 |  632.0 |
               +--------+--------+--------+--------+--------+-----+--------+

Top non-repeatable levels by time:
     D:1: 1107 daAuts
     D:2: 156 daAuts
